 Dungeon Crawl Stone Soup version 0.24.0-123-gd5b16e6ec5 (webtiles) character file.

Game seed: 10975718435894987818, levelgen mode: deterministic

223 vurker the Gusty (level 6, -1/35 HPs)
             Began as a Tengu Air Elementalist on Feb 2, 2020.
             Succumbed to a kobold's poison
             ... on level 3 of the Dungeon.
             The game lasted 00:03:27 (2952 turns).

vurker the Gusty (Tengu Air Elementalist)           Turns: 2952, Time: 00:03:28

Health: -1/35      AC:  2    Str: 14    XL:     6   Next: 0%
Magic:  11/11      EV: 12    Int: 17    God:
Gold:   85         SH:  0    Dex: 14    Spells: 1/11 levels left

rFire    . . .     SeeInvis .   l - +1 dagger (venom)
rCold    + . .     Gourm    .   (no shield)
rNeg     . . .     Faith    .   a - +0 robe
rPois    .         Spirit   .   (helmet restricted)
rElec    .         Reflect  .   (no cloak)
rCorr    .         Harm     .   (no gloves)
MR       +....                  (boots unavailable)
Stlth    ++........             o - amulet of magic regeneration
HPRegen  0.11/turn              h - +5 ring of strength
MPRegen  0.37/turn              (no ring)

@: lethally poisoned (-1 -> -20)
A: beak, talons 3, cold resistance 1, magic resistance 1, able to fly
a: Fly


You were on level 3 of the Dungeon.
You were hungry.

You visited 1 branch of the dungeon, and saw 3 of its levels.

You collected 85 gold pieces.

Inventory:

Hand Weapons
 l - a +1 dagger of venom (weapon)
   (You took it off a goblin on level 2 of the Dungeon)
Armour
 a - a +0 robe (worn)
Jewellery
 h - a +5 ring of strength (left hand)
   (You found it on level 1 of the Dungeon)
 o - an amulet of magic regeneration (around neck)
   (You found it on level 3 of the Dungeon)
Scrolls
 c - 3 scrolls of remove curse {unknown}
 f - a scroll of enchant weapon {unknown}
 k - a scroll of blinking {unknown}
 n - 2 scrolls of identify {unknown}
 q - a scroll of teleportation {unknown}
 r - a scroll of amnesia {unknown}
 s - a scroll of immolation {unknown}
Potions
 b - a potion of magic
 g - a potion of flight {unknown}
 i - a potion of agility {unknown}
 j - a potion of curing {unknown}
 m - a potion of heal wounds {unknown}
 t - a potion of mutation
Comestibles
 e - 6 rations
 p - 8 chunks of flesh


   Skills:
 + Level 1.7 Fighting
 - Level 2.1 Dodging
 - Level 2.0 Stealth
 * Level 3.3 Spellcasting
 * Level 4.2 Conjurations
 * Level 5.6 Air Magic


You had one spell level left.
You knew the following spells:

 Your Spells              Type           Power        Failure   Level  Hunger
a - Shock                 Conj/Air       ###.         2%          1    None
b - Lightning Bolt        Conj/Air       ###.......   52%         5    ######.
c - Airstrike             Air            ###.......   17%         4    ####...

Your spell library contained the following spells:

 Spells                   Type           Power        Failure   Level  Hunger
 Static Discharge         Conj/Air       ###.....     7%          3    ###....
 Swiftness                Chrm/Air       ##......     9%          2    ##.....


Dungeon Overview and Level Annotations

Branches:
Dungeon (3/15)

Altars:
Okawaru


Innate Abilities, Weirdness & Mutations

You have a beak for a mouth.
You have claws for feet.
You can fly continuously.
Your flesh is cold resistant. (rC+)
You are resistant to hostile enchantments. (MR+)


Message History

Aim: a sky beast The air twists around and violently strikes the sky beast!
The kobold shouts!
You hear a shout! x2
You don't have enough magic to cast that spell.
A kobold comes into view. It is wielding a +0 whip.
The kobold shouts!
You miss the sky beast. You claw the sky beast. Your peck misses the sky beast.
The sky beast misses you.
An orc comes into view. It is wielding a +0 club.
You barely miss the sky beast. Your kick misses the sky beast.
The sky beast closely misses you.
The kobold throws a poisoned dart.
The poisoned dart hits you!
You are poisoned.
You hit the sky beast but do no damage. Your kick misses the sky beast.
You feel sick. The sky beast barely misses you.
The kobold throws a poisoned dart.
The poisoned dart hits you!
You are more poisoned.
You hit the sky beast. Your peck misses the sky beast.
You feel sick. The sky beast hits you. The sky beast shocks you.
The kobold throws a poisoned dart.
The poisoned dart hits you!
You are lethally poisoned!
You feel sick.
You hit the sky beast.
The sky beast is poisoned.
* * * LOW HITPOINT WARNING * * *
You feel sick. The sky beast barely misses you.
Aim: a sky beast (almost dead, poisoned)
The air twists around and violently strikes the sky beast!
You kill the sky beast!
Your Conjurations skill increases to level 4!
You have reached level 6!
Your experience leads to an increase in your attributes!
Your base attributes are Str 9, Int 16, Dex 14.
Increase (S)trength, (I)ntelligence, or (D)exterity?
You feel clever.
* * * LOW HITPOINT WARNING * * *
You feel sick.
It was a potion of mutation.
You feel extremely strange.
You feel resistant to hostile enchantments.
You feel resistant to cold.
* * * LOW HITPOINT WARNING * * *
You feel sick. The kobold hits you with a +0 whip.
* * * LOW HITPOINT WARNING * * *
It was a potion of magic.
Magic courses through your body.
* * * LOW HITPOINT WARNING * * *
You feel sick. The orc hits you with a +0 club.
* * * LOW HITPOINT WARNING * * *
The kobold closely misses you.
It was a potion of cancellation.
You feel magically purged.
Your magical contamination has completely faded away.
You die...

#.......##............##....#
####....#.............#######
>....##...#....(..)...# #####
#..##.>.........##
.....#..[.........#
#.#...#.....[.......#
#.###.#..............# .
..............#.... .#
.#..#.Ko@......#.#.. ..
.......K######## . ........#
........# ........# ...[....#
.....)..# ......... ###..#.#.


You could see an orc and 2 kobolds.

Vanquished Creatures
  A sky beast (D:3)
  4 adders
  2 oozes
  5 worms (D:2)
  2 dart slugs (D:1)
  8 orcs
  3 giant cockroaches
  5 goblins
  4 hobgoblins
  2 jackals (D:1)
  6 kobolds
  2 quokkas (D:2)
  A ball python (D:2)
  9 bats
  2 frilled lizards (D:2)
  7 rats
63 creatures vanquished.

Notes
Turn   | Place    | Note
-------+----------+-------------------------------------------
     0 | D:1      | vurker the Tengu Air Elementalist began the quest for the
                  | Orb.
     0 | D:1      | Reached XP level 1. HP: 10/10 MP: 4/4
   275 | D:1      | Reached XP level 2. HP: 12/15 MP: 0/6
   894 | D:1      | Reached XP level 3. HP: 20/20 MP: 4/7
  1681 | D:2      | Reached XP level 4. HP: 24/24 MP: 0/8
  1869 | D:2      | Reached skill level 1 in Fighting
  1989 | D:2      | Reached skill level 5 in Air Magic
  2425 | D:2      | Found an iron altar of Okawaru.
  2796 | D:3      | Gained mutation: You can fly continuously. [Tengu growth]
  2796 | D:3      | Reached XP level 5. HP: 29/29 MP: 3/10
  2833 | D:3      | Noticed a sky beast
  2873 | D:3      | Learned a level 5 spell: Lightning Bolt
  2878 | D:3      | Learned a level 4 spell: Airstrike
  2949 | D:3      | Killed a sky beast
  2949 | D:3      | Reached XP level 6. HP: 16/35 MP: 0/11
  2950 | D:3      | Gained mutation: You are resistant to hostile enchantments.
                  | (MR+) [potion of mutation]
  2950 | D:3      | Gained mutation: Your flesh is cold resistant. (rC+)
                  | [potion of mutation]
  2951 | D:3      | HP: 1/35 [orc/+0 club (5)]
  2952 | D:3      | Succumbed to a kobold's poison

Levels and vault maps discovered:
D:1:      lightli_arrival_lavapool, layout_basic
D:2:      minmay_evil_eye, layout_basic, okawaru_trees_1
D:3:      layout_rooms

Skill      XL: |  1  2  3  4  5 |
---------------+----------------+-----
Conjurations   | 2 3 4 |  4.2
Fighting       | 1 |  1.7
Air Magic      | 5 |  5.6
Spellcasting   | 3 |  3.3
Dodging        | |  2.1
Stealth        | |  2.0

Action                   |  1- 3 |  4- 6 || total
-------------------------+-------+-------++-------
Melee: Unarmed           |    13 |       ||    13
       Peck              |     2 |     3 ||     5
       Kick              |     8 |     5 ||    13
       Short sword       |    11 |     3 ||    14
       Dagger            |       |    14 ||    14
 Cast: Shock             |    68 |    56 ||   124
       Airstrike         |       |     2 ||     2
  Use: Potion            |       |     3 ||     3
  Eat: Chunk             |     3 |     4 ||     7
Armor: Robe              |     5 |     1 ||     6
Dodge: Dodged            |    20 |    16 ||    36
